 Dungeon Crawl Stone Soup version 0.21-a0-633-g4c047d5f35 (webtiles) character file.

464 4tharraofdagon the Skirmisher (level 6, -5/49 HPs)
             Began as a Mummy Enchanter on Dec 28, 2017.
             Was a Believer of Makhleb.
             Slain by an ogre
             ... wielding a +0 giant club
              (29 damage)
             ... on level 5 of the Dungeon.
             The game lasted 00:07:50 (3440 turns).

4tharraofdagon the Skirmisher (Mummy Enchanter)     Turns: 3440, Time: 00:07:51

Health: -5/49      AC:  7    Str: 15    XL:     6   Next: 80%
Magic:  10/10      EV: 11    Int: 16    God:    Makhleb [**....]
Gold:   235        SH:  0    Dex: 13    Spells: 4/10 levels left

rFire    x . .     SeeInvis .   d - +4 quarterstaff (chaos)
rCold    + . .     Gourm    .   (shield currently unavailable)
rNeg     + + +     Faith    .   l - +0 ring mail
rPois    ∞         Spirit   .   j - +0 helmet
rElec    .         Reflect  .   e - +0 cloak
rCorr    .         Harm     .   (no gloves)
MR       .....                  (no boots)
Stlth    +.........             m - amulet of magic regeneration
HPRegen  0.16/turn              f - +4 ring of strength
MPRegen  0.37/turn              i - ring of flight

@: no status effects
A: no food or potions, fire vulnerability, cold resistance 1, negative energy
resistance 3, torment resistance, unbreathing
a: Minor Destruction, Renounce Religion, Evoke Flight


You were on level 5 of the Dungeon.
You worshipped Makhleb.
Makhleb was pleased with you.
You were not hungry.

You visited 1 branch of the dungeon, and saw 5 of its levels.

You collected 235 gold pieces.

Inventory:

Hand Weapons
 a - a +1 dagger
 d - a +4 quarterstaff of chaos (weapon)
Armour
 e - a +0 cloak (worn)
 j - a +0 helmet (worn)
 l - a +0 ring mail (worn)
Jewellery
 f - a +4 ring of strength (left hand)
 i - a ring of flight (right hand)
 m - an amulet of magic regeneration (around neck)
Wands
 g - a wand of paralysis (8)
Scrolls
 b - 3 scrolls of remove curse
 h - 3 scrolls of magic mapping
 k - a scroll of identify
 n - a scroll of teleportation
Books
 c - a book of Maledictions

   Spells                             Type                      Level
   a - Corona                         Hexes                        1
   b - Ensorcelled Hibernation        Hexes/Ice                    2
   c - Confuse                        Hexes                        3
   d - Tukima's Dance                 Hexes                        3
   e - Dazzling Spray                 Conjuration/Hexes            3


   Skills:
 + Level 4.6 Fighting
 - Level 3.0 Short Blades
 - Level 1.5 Dodging
 - Level 2.4 Stealth
 - Level 2.6 Spellcasting
 - Level 2.6 Hexes
 + Level 3.1 Invocations


You had 4 spell levels left.
You knew the following spells:

 Your Spells              Type           Power        Failure   Level  Hunger
a - Corona                Hex            ##.....      13%         1    N/A
b - Ensorcelled Hibernat  Hex/Ice        #.....       32%         2    N/A
c - Confuse               Hex            ##......     36%         3    N/A

Dungeon Overview and Level Annotations

Branches:
Dungeon (5/15)
 Temple: D:4-7

Altars:
Cheibriados
Makhleb
Ru
The Shining One

Annotations:
D:4 Yermak's ghost, novice GnHu


Innate Abilities, Weirdness & Mutations

You do not eat or drink.
Your flesh is vulnerable to fire.
You are immune to poison.
Your flesh is cold resistant. (rC+)
You are immune to negative energy. (rN+++)
You are immune to unholy pain and torment.
You can survive without breathing.


Message History

No target in view!
You hit the ogre. You burn the ogre.
The ogre is lightly wounded.
The ogre hits you with a giant club!!
Ouch! That really hurt!
The ogre barely misses you.
Found 5 gold pieces.
Evoke which item? (* to show all) (? for menu, Esc to quit)
Aiming: Paralyse
Press: ? - help, Shift-Dir - straight line, f - ogre
Aim: an ogre, wielding a giant club (lightly wounded, chance to defeat MR: 46%)
The ogre resists with some effort.
Unknown command.
Evoke which item? (* to show all) (? for menu, Esc to quit)
Aiming: Paralyse
Press: ? - help, Shift-Dir - straight line, f/p - ogre
Aim: an ogre, wielding a giant club (lightly wounded, chance to defeat MR: 46%)
The ogre resists with some effort.
The ogre hits you with a giant club!!
Ouch! That really hurt!
You die...

...####.#.###.............#..#.#.
...# #.......##.#....#####......
...# ###.######.#....# #......
#### ..# #.#....# ##!.... #
#.#....# #..... ######.#....#
##.... ...........#######....
#..#..#.#.####......... #...@O..#
#.####..#.
#.....#.#.####.####..#.
#.....#..............##
.......#.#.####!......#
##.#...$...# #..###... #.
##.####.# #..# #..## . ## ..#
#(.# #.## #.# #... ... #....


You could see an ogre.

Vanquished Creatures
  A scorpion (D:4)
  Crazy Yiuf (D:2)
  A bullfrog skeleton (D:4)
  An orc priest (D:3)
  2 orc wizards
  An iguana (D:5)
  Terence (D:2)
  A worker ant (D:4)
  Robin (D:2)
  A gnoll (D:1)
  2 howler monkey skeletons (D:5)
  4 adders
  A shadow imp (D:5)
  2 oozes
  A worm (D:4)
  A dart slug (D:1)
  4 leopard geckos
  3 orcs
  A ball python (D:3)
  7 bats
  6 giant cockroaches
  15 goblins
  12 hobgoblins
  7 jackals
  2 quokkas (D:4)
  6 frilled lizards
  8 kobolds
  A leopard gecko skeleton (D:5)
  6 rats
100 creatures vanquished.

Notes
Turn   | Place    | Note
-------+----------+-------------------------------------------
     0 | D:1      | 4tharraofdagon the Mummy Enchanter began the quest for the Orb.
     0 | D:1      | Reached XP level 1. HP: 13/13 MP: 4/4
    45 | D:1      | Reached skill level 1 in Short Blades
    45 | D:1      | Reached XP level 2. HP: 2/19 MP: 5/5
    46 | D:1      | :O
   211 | D:1      | Learned a level 2 spell: Ensorcelled Hibernation
   484 | D:2      | Found a runed door.
   488 | D:2      | Noticed Crazy Yiuf
   493 | D:2      | Killed Crazy Yiuf
   493 | D:2      | Reached XP level 3. HP: 17/24 MP: 7/7
   571 | D:2      | Found a glowing golden altar of the Shining One.
   574 | D:2      | Found a snail-covered altar of Cheibriados.
   577 | D:2      | Found a burning altar of Makhleb.
   581 | D:2      | Became a worshipper of Makhleb the Destroyer
   686 | D:2      | Noticed Terence
   699 | D:2      | Killed Terence
   699 | D:2      | Reached skill level 1 in Fighting
   699 | D:2      | Reached XP level 4. HP: 28/33 MP: 1/8
   729 | D:2      | Noticed Robin
   734 | D:2      | Killed Robin
   734 | D:2      | Reached skill level 2 in Fighting
   909 | D:1      | Reached * piety under Makhleb
  1202 | D:1      | Learned a level 3 spell: Confuse
  1515 | D:3      | Reached XP level 5. HP: 38/40 MP: 9/9
  1529 | D:3      | Reached skill level 3 in Fighting
  1663 | D:3      | Reached ** piety under Makhleb
  1673 | D:3      | Reached skill level 1 in Invocations
  2346 | D:4      | Reached XP level 6. HP: 46/48 MP: 10/10
  2450 | D:4      | Noticed Yermak's ghost (novice GnHu)
  2932 | D:4      | Found a sacrificial altar of Ru.
  2942 | D:4      | Reached skill level 4 in Fighting
  3275 | D:5      | Entered Level 5 of the Dungeon
  3440 | D:5      | Slain by an ogre

Vault maps used:
D:1:      nicolae_arrival_washed_ashore, minmay_misc_feat_nine_boxes,
          st_stairs_5, serial_park_tiny_2
D:2:      grunt_temple_overflow_diamond, moated_statue, uniq_terence,
          uniq_crazy_yiuf_cottage, uniq_robin
D:3:      kennysheep_nondescript, interstate_on_off
D:4:      nicolae_ru_great_annihilating_truth
D:5:      first_ration, kennysheep_generic_room_7

Skill      XL: |  1  2  3  4  5  6 |
---------------+-------------------+-----
Short Blades   | 1 2 3 |  3.0
Fighting       | 1 2 3 4 |  4.6
Invocations    | 2 3 |  3.1
Dodging        | |  1.5
Stealth        | |  2.4
Spellcasting   | |  2.6
Hexes          | |  2.6

Action                   |  1- 3 |  4- 6 || total
-------------------------+-------+-------++-------
Melee: Dagger            |    51 |       ||    51
       Quarterstaff      |    11 |   191 ||   202
 Cast: Corona            |     1 |       ||     1
       Ensorcelled Hiber |     9 |     2 ||    11
Evoke: Wand              |     1 |     2 ||     3
  Use: Scroll            |     3 |     4 ||     7
 Stab: Sleeping          |     6 |     3 ||     9
       Paralysed         |     2 |     1 ||     3
       Confused          |       |     2 ||     2
       Petrified         |       |     2 ||     2
Armor: Robe              |     8 |    25 ||    33
       Ring mail         |       |    51 ||    51
Dodge: Dodged            |    44 |   118 ||   162

Table legend:
 A = Spawn XP
 B = Non-spawn XP
 C = Spawn XP percentage of total XP
 D = Spawn monster count
 E = Non-spawn monster count
 F = Spawn count percentage of total count
 G = Total turns spent on level
                    A         B        C        D         E        F      G
               +---------+---------+-------+---------+---------+-------+---------
         Total |       0 |     664 |   0.0 |       0 |     100 |   0.0 |  3440
               +---------+---------+-------+---------+---------+-------+---------
           D:1 |       0 |      73 |   0.0 |       0 |      31 |   0.0 |   964
           D:2 |       0 |     121 |   0.0 |       0 |      21 |   0.0 |   517
           D:3 |       0 |     158 |   0.0 |       0 |      28 |   0.0 |   964
           D:4 |       0 |     205 |   0.0 |       0 |      11 |   0.0 |   830
           D:5 |       0 |     107 |   0.0 |       0 |       9 |   0.0 |   165
               +---------+---------+-------+---------+---------+-------+---------

Vault maps used:
D:1:      nicolae_arrival_washed_ashore, minmay_misc_feat_nine_boxes,
          st_stairs_5, serial_park_tiny_2
D:2:      grunt_temple_overflow_diamond, moated_statue, uniq_terence,
          uniq_crazy_yiuf_cottage, uniq_robin
D:3:      kennysheep_nondescript, interstate_on_off
D:4:      nicolae_ru_great_annihilating_truth
D:5:      first_ration, kennysheep_generic_room_7
